 Dungeon Crawl Stone Soup version 0.26-a0-201-gb271ac0e06 (webtiles) character file.

Game seed: 9599190172701995159

16027 Ge0ff the Frost Mage (level 12, -8/88 (89) HPs)
             Began as a Merfolk Ice Elementalist on July 5, 2020.
             Was a High Priest of Fedhas.
             Mangled by a large abomination (25 damage)
             ... on level 11 of the Dungeon.
             The game lasted 00:33:35 (14907 turns).

Ge0ff the Frost Mage (Merfolk Ice Elementalist)    Turns: 14907, Time: 00:33:35

HP:   -8/88 (89)    AC: 13    Str: 11    XL:     12   Next: 33%
MP:   24/24         EV: 16    Int: 26    God:    Fedhas [*****.]
Gold: 649           SH:  0    Dex: 16    Spells: 15/28 levels left

rFire    + . .     SeeInvis .   a - +5 halberd (freeze)
rCold    + . .     Faith    .   (shield currently unavailable)
rNeg     . . .     Spirit   .   d - +1 leather armour {rF+}
rPois    .         Reflect  .   X - +2 hat {Int+3}
rElec    .         Harm     .   (no cloak)
rCorr    .                      S - +2 pair of gloves "Peyg" {MR- Str+3 Int+5}
MR       .....                  (no boots)
Stlth    +++.......             J - amulet of Bevywuf {RegenMP rC+}
HPRegen  0.24/turn              W - +4 ring of protection {=R}
MPRegen  0.44/turn              Y - ring of stealth

@: about to teleport, frozen ramparts, very slightly contaminated, lightly
drained
A: change form in water, swift swim, stealthy swim
a: Wall of Briars, Grow Ballistomycete, Overgrow, Grow Oklob, Renounce Religion


You were on level 11 of the Dungeon.
You worshipped Fedhas.
Fedhas was extremely pleased with you.
You were not hungry.

You visited 2 branches of the dungeon, and saw 12 of its levels.

You collected 649 gold pieces.

Inventory:

Hand Weapons
 a - a +5 halberd of freezing (weapon)
 b - the +8 spear "Duryanom" {drain, rF++ MR+ Str-5}
   (You took it off a spriggan on level 11 of the Dungeon)

   A truly terrible weapon, it drains the life of those it strikes.
   It affects your strength (-5).
   It greatly protects you from fire.
   It affects your resistance to hostile enchantments.
 t - a +0 halberd of venom
 v - a +4 quarterstaff of holy wrath {don't train}
 E - a +0 trident
Missiles
 h - 3 boomerangs (quivered)
 n - 4 javelins
 I - 272 arrows
 Q - 44 poisoned darts
Armour
 d - a +1 leather armour of fire resistance (worn)
 u - +0 fire dragon scales
 w - a +2 robe of magic resistance
 K - a +2 pair of gloves
 S - the +2 pair of gloves "Peyg" (worn) {MR- Str+3 Int+5}
   (You found it on level 4 of the Dungeon)

   It affects your strength (+3).
   It affects your intelligence (+5).
   It affects your resistance to hostile enchantments.
 X - a +2 hat of intelligence (worn)
Magical Staves
 o - an uncursed staff of cold {don't train}
Jewellery
 p - an uncursed amulet of regeneration
 D - an uncursed ring of flight
 J - the amulet of Bevywuf (around neck) {RegenMP rC+}
   (You found it on level 5 of the Dungeon)

   [amulet of magic regeneration]

   It increases your magic regeneration.
   It protects you from cold.
 L - an uncursed amulet of guardian spirit
 M - an uncursed amulet of reflection
 U - an uncursed ring of protection from fire
 W - a +4 ring of protection (left hand) {=R}
 Y - a ring of stealth (right hand)
Wands
 c - a wand of clouds (6)
 e - a wand of enslavement (10)
 f - a wand of flame (44)
 j - a wand of acid (5)
 k - a wand of iceblast (27)
 s - a wand of disintegration (2)
 x - a wand of random effects (12)
 P - a wand of polymorph (23)
Scrolls
 m - 4 scrolls of magic mapping
 y - a scroll of immolation
 B - 2 scrolls of blinking
 C - 10 scrolls of remove curse
 F - 3 scrolls of fog
 T - 8 scrolls of teleportation
Potions
 g - 2 potions of haste {!q}
 q - 8 potions of curing
 z - 2 potions of brilliance
 A - 2 potions of flight {unknown}
 G - a potion of stabbing {unknown}
 H - 2 potions of mutation {unknown}
 N - 2 potions of cancellation {!q}
 O - 5 potions of heal wounds {unknown}
 R - 2 potions of degeneration {unknown}
 V - 4 potions of lignification
 Z - a potion of berserk rage {!q}
Miscellaneous
 l - a lightning rod (inert)
Comestibles
 r - 35 rations


   Skills:
 + Level 6.4 Fighting
 + Level 9.1 Polearms
 - Level 1.0(0.9) Throwing
 - Level 3.0(2.9) Armour
 - Level 7.0(6.9) Dodging
 - Level 3.0(2.9) Stealth
 * Level 8.5 Spellcasting
 - Level 5.0(4.9) Hexes
 - Level 5.0(4.9) Charms
 + Level 6.9 Summonings
 - Level 5.0(4.9) Transmutations
 - Level 10.0(9.9) Ice Magic
 - Level 3.0(2.9) Evocations


You had 15 spell levels left.
You knew the following spells:

 Your Spells              Type           Power        Failure   Level  Hunger
a - Sticks to Snakes      Tmut           #####...     1%          2    None
k - Freeze                Ice            ####         1%          1    None
m - Frozen Ramparts       Ice            ######       1%          3    None
s - Spectral Weapon       Hex/Chrm       #####...     2%          3    None
S - Summon Ice Beast      Ice/Summ       ######..     1%          4    ##.....

Your spell library contained the following spells:

 Spells                   Type           Power        Failure   Level  Hunger
 Beastly Appendage        Tmut           #####.       1%          1    None
 Infusion                 Chrm           ####         1%          1    None
 Song of Slaying          Chrm           #####...     1%          2    None
 Ozocubu's Armour         Chrm/Ice       #####...     1%          3    None
 Shroud of Golubria       Chrm/Tloc      ###...       3%          2    None
 Ice Form                 Ice/Tmut       #####...     3%          4    ##.....
 Spider Form              Tmut/Pois      ###.......   8%          3    None
 Hailstorm                Conj/Ice       #####...     9%          4    ##.....
 Blade Hands              Tmut           #####.....   24%         5    ####...


Dungeon Overview and Level Annotations

Branches:
Dungeon (11/15)            Temple (1/1) D:5            Lair (0/6) D:9
    Orc: D:9-12

Altars:
Ashenzari
Elyvilon
Fedhas
Gozag
Makhleb
Nemelex Xobeh
Okawaru
Ru
Sif Muna
Trog
Zin
Lugonu

Annotations:
D:9 exclusion: downstairs
D:11 1 transporter


Message History

Fedhas accepts your kill.
The white ugly thing resists.
The wall freezes the white ugly thing.
As you read the scroll of teleportation, it crumbles to dust.
You feel strangely unstable.
The wall freezes the small abomination.
The wall freezes the water nymph.
Evoke which item? (* to show all) (? for menu, Esc to quit)
Aiming: Thunderbolt
Press: ? - help, Shift-Dir - straight line, f - white ugly thing
Aim: a white ugly thing (lightly wounded)
The thunderbolt hits the white ugly thing!
The white ugly thing is moderately wounded.
The lightning rod overheats!
The large abomination hits you!
* * * LOW HITPOINT WARNING * * *
The wall freezes the raiju.
The wall freezes the water nymph!
You kill the water nymph!
Fedhas accepts your kill.
The water nymph's shape twists and changes as she dies.
The large abomination hits you!!
You die...
Fedhas appreciates your contribution to the ecosystem.

..)..............................
############.....................
# #..######...########.. # #..#
#...# #.. ############..## ##...#
#..
...............####....########..
..............##=.##...# ..##....
####..........#..#########≈≈#....
####...######.#.@xu## ##X≈≈≈#....
.......######.###X..###...###....
...............###...h..†###.....
...........###...##x....##.......
...........##....©#.._.©#©.......
.................##.....##.......
...............###.......###.....
..............###...###...####...
......#########X...#####[... #...


You could see a white ugly thing, a large abomination, a raiju and 2 small
abominations.

Vanquished Creatures
  Gastronok (D:9)
  The ghost of bmj180 the Destroyer, a journeyman DrCj of Vehumet (D:11)
  A two-headed ogre (D:8)
  Pikel (D:9)
  An ugly thing (D:11)
  Joseph (D:8)
  A water nymph (shapeshifter) (D:11)
  Psyche (D:10)
  A queen bee (D:11)
  2 trolls
  Grinder (D:3)
  Prince Ribbit (D:9)
  A vampire (D:9)
  2 spriggans (D:11)
  A wyvern (D:8)
  A wraith (D:10)
  7 yaks (D:11)
  A human (D:11)
  2 hogs (D:11)
  Grum (D:8)
  A water moccasin (D:7)
  3 orc warriors
  3 sky beasts
  4 ice beasts
  5 ogres
  5 wolves
  A necrophage (D:9)
  6 centaurs
  2 lemures (D:9)
  3 big kobolds
  A small abomination (D:11)
  4 bullfrogs
  A water moccasin skeleton (D:7)
  5 scorpions
  30 killer bees (D:11)
  7 wights (D:9)
  A crimson imp (D:7)
  10 howler monkeys
  3 hounds
  5 orc priests
  A bullfrog zombie (D:11)
  6 jellies
  A bullfrog skeleton (D:11)
  5 centaur skeletons
  5 iguanas
  Natasha (thrice) (D:4)
  16 orc wizards
  6 worker ants
  A hound skeleton (D:10)
  A worker ant zombie (D:5)
  12 adders
  6 shadow imps
  3 white imps
  An ufetubus (D:6)
  3 oozes
  8 worms
  6 dart slugs
  9 leopard geckos
  33 orcs
  A ball python (D:6)
  14 bats
  5 giant cockroaches
  13 goblins
  8 hobgoblins
  12 jackals
  20 kobolds
  3 quokkas
  3 frilled lizards
  A giant cockroach zombie (D:6)
  A leopard gecko skeleton (D:4)
  A leopard gecko zombie (D:5)
  A quokka skeleton (D:8)
  13 rats
351 creatures vanquished.

Vanquished Creatures (collateral kills)
  A two-headed ogre (D:9)
  A gargoyle (D:10)
  An ice beast (D:5)
  A phantom (D:9)
  2 wights (D:9)
  A bullfrog zombie (D:7)
  An orc (D:10)
  A kobold (D:9)
9 creatures vanquished.

Vanquished Creatures (others)
  A quokka (D:8)
  16 toadstools (D:4)
17 creatures vanquished.

Grand Total: 377 creatures vanquished

Notes
Turn   | Place    | Note
-------+----------+-------------------------------------------
     0 | D:1      | Ge0ff the Merfolk Ice Elementalist began the quest for the
                  | Orb.
     0 | D:1      | Reached XP level 1. HP: 13/13 MP: 3/3
   163 | D:1      | Reached XP level 2. HP: 19/20 MP: 1/5
   326 | D:1      | Reached skill level 1 in Fighting
   454 | D:1      | Reached skill level 5 in Ice Magic
   454 | D:1      | Reached XP level 3. HP: 11/26 MP: 0/6
   459 | D:1      | Learned a level 3 spell: Frozen Ramparts
  1380 | D:2      | Reached XP level 4. HP: 31/32 MP: 2/7
  1466 | D:2      | Found a glowing silver altar of Zin.
  1581 | D:2      | Noticed a moth of wrath
  1586 | D:2      | Found a bloodstained altar of Trog.
  1599 | D:2      | Reached skill level 1 in Polearms
  1910 | D:2      | Found a sacrificial altar of Ru.
  1973 | D:2      | Reached XP level 5. HP: 36/37 MP: 9/9
  2804 | D:3      | Noticed Grinder
  2812 | D:3      | Killed Grinder
  2812 | D:3      | Reached skill level 6 in Ice Magic
  2812 | D:3      | Reached skill level 1 in Evocations
  2812 | D:3      | Reached XP level 6. HP: 30/44 MP: 6/11
  3263 | D:3      | Reached XP level 7. HP: 50/50 MP: 12/12
  3731 | D:3      | Learned a level 4 spell: Summon Ice Beast
  4256 | D:4      | Got a pair of smoking gloves
  4261 | D:4      | Identified the +2 pair of gloves "Peyg" {MR- Str+3 Int+5}
                  | (You found it on level 4 of the Dungeon)
  4472 | D:4      | Noticed Natasha
  4479 | D:4      | Killed Natasha
  4500 | D:4      | Noticed Natasha
  4505 | D:4      | Killed Natasha
  4505 | D:4      | Reached skill level 1 in Summonings
  4718 | D:4      | Noticed Natasha
  4723 | D:4      | Killed Natasha
  4840 | D:4      | Reached skill level 1 in Armour
  4936 | D:4      | Reached XP level 8. HP: 57/57 MP: 9/14
  5200 | D:4      | Found a blossoming altar of Fedhas.
  5215 | D:4      | Became a worshipper of Fedhas Madash
  5246 | D:4      | Noticed an oklob plant
  5437 | D:5      | Entered Level 5 of the Dungeon
  5518 | D:5      | Found a sparkling altar of Nemelex Xobeh.
  5544 | D:5      | Found a staircase to the Ecumenical Temple.
  5555 | Temple   | Entered the Ecumenical Temple
  5751 | D:5      | Got a slimy garnet amulet
  5753 | D:5      | Identified the amulet of Bevywuf {RegenMP rC+} (You found
                  | it on level 5 of the Dungeon)
  5888 | D:5      | Reached skill level 7 in Ice Magic
  6281 | D:5      | Learned a level 2 spell: Sticks to Snakes
  6347 | D:5      | Reached * piety under Fedhas
  6618 | D:5      | Found a shattered altar of Ashenzari.
  6882 | D:6      | Found an opulent altar of Gozag.
  6977 | D:6      | Reached skill level 5 in Spellcasting
  6977 | D:6      | Reached skill level 1 in Transmutations
  6977 | D:6      | Reached XP level 9. HP: 63/63 MP: 13/16
  7000 | D:6      | Reached skill level 5 in Dodging
  7991 | D:7      | Got a twisted falchion {don't train}
  8044 | D:7      | Reached skill level 5 in Polearms
  8047 | D:7      | Reached skill level 1 in Throwing
  8186 | D:7      | Identified the +6 falchion of Dominance {venom, rN++ MR-
                  | Dex+2, don't train} (You found it on level 7 of the
                  | Dungeon)
  8385 | D:7      | Found a shimmering blue altar of Sif Muna.
  8465 | D:7      | Reached ** piety under Fedhas
  8838 | D:7      | Found a burning altar of Makhleb.
  9015 | D:8      | Reached skill level 8 in Ice Magic
  9053 | D:8      | Noticed Grum
  9067 | D:8      | Killed Grum
  9119 | D:8      | Noticed a two-headed ogre
  9133 | D:8      | Killed a two-headed ogre
  9133 | D:8      | Reached XP level 10. HP: 46/71 MP: 11/19
  9513 | D:8      | Noticed Joseph
  9587 | D:8      | Killed Joseph
  9587 | D:8      | Reached skill level 5 in Summonings
 10178 | D:8      | Found a white marble altar of Elyvilon.
 10333 | D:8      | Learned a level 3 spell: Spectral Weapon
 10507 | D:9      | Reached *** piety under Fedhas
 10629 | D:9      | Noticed a two-headed ogre
 10637 | D:9      | Killed a two-headed ogre
 10637 | D:9      | Reached skill level 1 in Hexes
 10637 | D:9      | Reached skill level 1 in Charms
 10637 | D:9      | Reached skill level 9 in Ice Magic
 10739 | D:9      | Noticed Prince Ribbit
 10750 | D:9      | Killed Prince Ribbit
 11304 | D:9      | Reached XP level 11. HP: 61/77 MP: 18/21
 11452 | D:9      | Noticed Pikel
 11464 | D:9      | Killed Pikel
 11561 | D:9      | Noticed Gastronok
 11568 | D:9      | Killed Gastronok
 11568 | D:9      | Reached **** piety under Fedhas
 11568 | D:9      | Reached skill level 5 in Fighting
 11617 | D:9      | Found a staircase to the Lair.
 11901 | D:10     | Entered Level 10 of the Dungeon
 12291 | D:10     | Reached skill level 5 in Transmutations
 12761 | D:11     | Noticed a brown ugly thing
 12840 | D:11     | Noticed Psyche
 12845 | D:10     | Killed Psyche
 12982 | D:11     | Found a transporter.
 12983 | D:11     | Noticed a white ugly thing
 12984 | D:11     | Noticed a large abomination
 12985 | D:11     | Found a corrupted altar of Lugonu.
 13016 | D:11     | Killed a brown ugly thing
 13358 | D:11     | Reached ***** piety under Fedhas
 13358 | D:11     | Reached skill level 10 in Ice Magic
 13783 | D:11     | Reached skill level 5 in Charms
 13948 | D:11     | Found a runed translucent door.
 13948 | D:11     | Identified the +8 spear "Duryanom" {drain, rF++ MR+ Str-5}
 13954 | D:11     | Noticed bmj180's ghost (journeyman DrCj)
 13965 | D:11     | Reached XP level 12. HP: 86/86 MP: 15/23
 13972 | D:11     | Killed bmj180's ghost
 14079 | D:11     | Reached skill level 5 in Hexes
 14659 | D:11     | Found a transporter.
 14907 | D:11     | Mangled by a large abomination

Illustrated notes

Levels and vault maps discovered:
D:1:      eino_arrival_cavern_d, layout_rooms
D:2:      layout_loops_corners, nicolae_ru_great_annihilating_truth,
          nicolae_overflow_crystal_walls, tgw_trog, nrook_uturn,
          chequers_mini_garden
D:3:      layout_basic, cheibrodos_sewer_entry_bend, uniq_grinder
D:4:      layout_loops_ring, first_ration, minivault_23, tgw_fedhas,
          uniq_natasha
D:5:      layout_basic, kennysheep_mini_moat, kennysheep_little_box,
          temple_fountains
D:6:      layout_basic, lemuel_round_altar
D:7:      layout_basic, overflow_temple_1_default, makhleb_grotto_becter
D:8:      layout_basic, elyvilon_altar_4, uniq_joseph, uniq_grum
D:9:      layout_irregular_city, lair_entry_dummy, uniq_pikel, uniq_gastronok,
          uniq_prince_ribbit1
D:10:     layout_long_grid
D:11:     gammafunk_corrupted_shrine, layout_long_grid, special_room
          [special_room_bee], ebering_ghost_funeral_grove, grunt_livestock,
          abandoned_shop, uniq_psyche
Temple:   dshaligram_water_room_temple

Skill      XL: |  1  2  3  4  5  6  7  8  9 10 11 12 |
---------------+-------------------------------------+-----
Fighting       | 1 2 3 4 5 6 |  6.4
Ice Magic      | 5 6 7 8 9 10 | 10.0
Dodging        | 3 4 6 7 |  7.0
Polearms       | 1 2 3 4 6 7 8 9 |  9.1
Stealth        | 3 |  3.0
Spellcasting   | 3 4 5 6 7 8 |  8.5
Evocations     | 1 2 3 |  3.0
Summonings     | 1 3 4 5 6 |  6.9
Armour         | 1 2 3 |  3.0
Transmutations | 1 3 4 5 |  5.0
Throwing       | 1 |  1.0
Hexes          | 2 4 5 |  5.0
Charms         | 2 5 |  5.0

Action                   |  1- 3 |  4- 6 |  7- 9 | 10-12 || total
-------------------------+-------+-------+-------+-------++-------
Melee: Unarmed           |    35 |       |       |       ||    35
       Spear             |     6 |   106 |   206 |       ||   318
       Tailslap          |       |       |     1 |       ||     1
       Trident           |       |       |   105 |   141 ||   246
       Quarterstaff      |       |       |       |    14 ||    14
       Halberd           |       |       |       |   141 ||   141
Throw: Stone             |     1 |    26 |   150 |    57 ||   234
       Boomerang         |       |       |       |    57 ||    57
 Cast: Freeze            |    58 |    17 |       |    14 ||    89
       Frozen Ramparts   |     1 |    10 |    64 |    45 ||   120
       Summon Ice Beast  |       |       |     3 |    13 ||    16
       Spectral Weapon   |       |       |       |     6 ||     6
Evoke: Wand              |       |     7 |       |     6 ||    13
       Lightning rod     |       |       |       |     7 ||     7
  Use: Scroll            |       |     3 |     8 |     7 ||    18
       Potion            |       |       |       |     2 ||     2
 Stab: Paralysed         |       |     4 |       |       ||     4
       Sleeping          |       |     3 |     2 |     1 ||     6
       Distracted        |       |       |     1 |     3 ||     4
  Eat: Chunk             |     2 |     8 |    15 |    18 ||    43
       Ration            |       |       |     2 |     1 ||     3
Armor: Robe              |     9 |    10 |     8 |       ||    27
       Leather armour    |       |       |    59 |    64 ||   123
Dodge: Dodged            |    63 |    78 |   151 |   161 ||   453

Table legend:
 A = Non-vault XP
 B = Vault XP
 C = Vault XP percentage of total XP
 D = Non-vault monster count
 E = Vault monster count
 F = Vault count percentage of total count
                 A         B        C        D         E       F
            +---------+---------+-------+---------+---------+-------
      Total |   12858 |   10038 |  43.8 |     298 |      60 |  16.8
            +---------+---------+-------+---------+---------+-------
        D:1 |      75 |       0 |   0.0 |      35 |       0 |   0.0
        D:2 |      73 |      46 |  38.7 |      23 |       9 |  28.1
        D:3 |     219 |     300 |  57.8 |      33 |       3 |   8.3
        D:4 |     679 |      35 |   4.9 |      22 |       1 |   4.3
        D:5 |     758 |       0 |   0.0 |      26 |       0 |   0.0
        D:6 |     557 |       0 |   0.0 |      16 |       0 |   0.0
        D:7 |     701 |      50 |   6.7 |      17 |       1 |   5.6
        D:8 |    2112 |    1105 |  34.3 |      33 |       6 |  15.4
        D:9 |    2782 |    3157 |  53.2 |      39 |       3 |   7.1
       D:10 |    1064 |     439 |  29.2 |      17 |       1 |   5.6
       D:11 |    3838 |    4906 |  56.1 |      37 |      36 |  49.3
            +---------+---------+-------+---------+---------+-------
